 Dungeon Crawl Stone Soup version 0.17.0-9-g801d43b (webtiles) character file.

2987 ASSMAN the Prestidigitator (level 9, -1/73 HPs)
             Began as a Deep Dwarf Assassin on Nov 9, 2015.
             Was a Priest of Makhleb.
             Killed from afar by Erica (22 damage)
             ... with an orb of energy
             ... on level 8 of the Dungeon.
             The game lasted 00:19:58 (6178 turns).

ASSMAN the Prestidigitator (Deep Dwarf Assassin)    Turns: 6178, Time: 00:19:58

Health: -1/73      AC: 14    Str: 18    XL:     9   Next: 53%
Magic:  14/14      EV:  4    Int: 12    God:    Makhleb [***...]
Gold:   420        SH:  0    Dex: 14    Spells: 0 memorised, 8 levels left

rFire  + . .     SeeInvis .     A - +3 falchion (elec)
rCold  . . .     Clarity  .     t - +1 chain mail
rNeg   . . .     SustAt   .     (no shield)
rPois  .         Gourm    .     (no helmet)
rElec  .         Spirit   .     G - +0 cloak
rCorr  .         Warding  .     (no gloves)
rMut   +         Stasis   .     L - +0 pair of boots
MR     +....                    z - amulet of resist mutation
Stlth  ..........               u - ring of invisibility
                                l - ring of protection from fire

@: non-regenerating, somewhat resistant to hostile enchantments, extremely
unstealthy
A: damage resistance, recharge devices, sense surroundings 2, slow regeneration
3
a: Device Recharging, Minor Destruction, Lesser Servant of Makhleb, Renounce
Religion, Evoke Invisibility


You were on level 8 of the Dungeon.
You worshipped Makhleb.
Makhleb was most pleased with you.
You were hungry.

You visited 2 branches of the dungeon, and saw 9 of its levels.
You also visited: Sewer.

You collected 420 gold pieces.

Inventory:

Hand Weapons
 b - a +0 blowgun
 p - a +1 morningstar of protection
 q - a +2 dagger of venom
 A - a +3 falchion of electrocution (weapon)
 D - a +0 war axe
Missiles
 e - 8 poisoned needles
 f - 2 curare-tipped needles
Armour
 t - a +1 chain mail (worn)
 G - a +0 cloak (worn)
 L - a +0 pair of boots (worn)
Jewellery
 l - a ring of protection from fire (left hand)
 u - a ring of invisibility (right hand)
 z - an amulet of resist mutation (around neck)
Wands
 a - a wand of fireball (0)
 c - a wand of cold (8)
 d - a wand of flame (19)
 g - a wand of heal wounds (3)
 F - a wand of random effects (29)
 H - a wand of cold (8)
Scrolls
 i - 2 scrolls of enchant armour
 n - 3 scrolls of teleportation
 o - 5 scrolls of identify
 v - 2 scrolls of fog
 y - a scroll of amnesia
 J - a scroll of remove curse
Potions
 j - 2 potions of cure mutation {unknown}
 m - 3 potions of curing
 r - a potion of magic {unknown}
 s - a potion of flight
 B - a potion of berserk rage {unknown}
 E - a potion of resistance {unknown}
 I - a potion of lignification {unknown}
 K - a potion of invisibility
Books
 w - a book of Minor Magic

   Spells                             Type                      Level
   a - Magic Dart                     Conjuration                  1
   b - Blink                          Translocation                2
   c - Call Imp                       Summoning                    2
   d - Repel Missiles                 Charms/Air                   2
   e - Slow                           Hexes                        2
   f - Conjure Flame                  Conjuration/Fire             3
   g - Mephitic Cloud                 Conjuration/Poison/Air       3
Comestibles
 h - 7 bread rations
 k - a beef jerky
 x - 2 meat rations
 C - a royal jelly


   Skills:
 - Level 1.7 Fighting
 - Level 1.7(2.4) Short Blades
 + Level 2.6(3.0) Long Blades
 - Level 1.7 Throwing
 - Level 8.0 Armour
 - Level 3.2 Dodging
 - Level 5.8 Stealth
 + Level 7.8 Invocations
 + Level 10.1 Evocations


You had 8 spell levels left.
You didn't know any spells.

Dungeon Overview and Level Annotations

Branches:
Dungeon (8/15)             Temple (1/1) D:4
   Lair: D:8-11

Altars:
Ashenzari
Cheibriados
Dithmenos
Elyvilon
Fedhas
Gozag
Kikubaaqudgha
Makhleb
Nemelex Xobeh
Okawaru
Qazlal
Ru
Sif Muna
Trog
Vehumet
Xom
Yredelemnul
Zin
The Shining One

Annotations:
D:4 lots of inaccessible treasure
D:8 Erica


Innate Abilities, Weirdness & Mutations

You are resistant to damage.
You can recharge devices by infusing magical energy.
You passively map the area around you.
You do not regenerate naturally.


Message History

You kill the iguana!
Makhleb accepts your kill.
You feel better.
No target in view!
No target in view!
You open the door.
Found a plate armour.
There is an open door here.
Erica the Fiery-Tempered comes into view.
She is wielding a scimitar of flaming.
Erica shouts!
Erica casts a spell.
Erica flickers and vanishes!
Deactivating autopickup; reactivate with Ctrl-A.
An orb of energy appears from out of thin air!
The orb of energy hits you!
* * * LOW HITPOINT WARNING * * *
There is a stone staircase leading down here.
An orb of energy appears from out of thin air!
The orb of energy hits you!
You die...

#.........#, ,.#*###*
###.......# * #
#.......# #.......#
#.......# ######..#
##.## ##..#############
** * #..@.......#....# *
, #.##.#####.##.#.## ,
.. #.##.#...†.##.#..# *,
...* #....#.##.....#.##
,...#######...##.#####.#
.........#.####.......#
* ,, .........#.#
######### ,,
.........#.#############
.........'...........†.#


There were no monsters in sight!

Vanquished Creatures
  The ghost of gw the Cudgeler, a novice DDFi of Makhleb (D:6)
  Joseph (D:8)
  Sigmund (D:6)
  A hippogriff (D:7)
  A hungry ghost (D:7)
  An ice beast (D:4)
  4 sky beasts
  2 giant frogs
  A water moccasin zombie (D:5)
  3 scorpions
  2 crimson imps (D:6)
  4 killer bees (D:7)
  A hound (D:6)
  Crazy Yiuf (D:6)
  2 giant frog skeletons
  Ijyb (D:2)
  2 orc wizards
  6 worker ants
  2 iguanas
  A hound skeleton (D:7)
  5 adders
  A worker ant zombie (D:8)
  3 gnolls (D:5)
  A shadow imp (D:5)
  7 oozes
  2 adder skeletons
  2 worms (Sewer)
  9 giant geckos
  15 orcs
  2 ball pythons
  10 bats
  5 goblins
  9 hobgoblins
  16 jackals
  4 quokkas
  7 giant cockroaches
  A giant gecko zombie (D:6)
  4 giant newts
  A jackal skeleton (D:5)
  9 kobolds
  A quokka skeleton (D:6)
  12 rats
  A spectral orc (D:2)
  A fungus (D:6)
166 creatures vanquished.

Notes
Turn   | Place    | Note
--------------------------------------------------------------
     0 | D:1      | ASSMAN the Deep Dwarf Assassin began the quest for the Orb.
     0 | D:1      | Reached XP level 1. HP: 19/19 MP: 1/1
   107 | D:1      | Reached skill level 5 in Stealth
   157 | D:1      | Reached XP level 2. HP: 26/26 MP: 2/2
   733 | D:2      | Found a bloodstained altar of Trog.
   890 | D:2      | Reached XP level 3. HP: 11/32 MP: 3/3
   991 | D:2      | Found a glowing golden altar of the Shining One.
  1200 | D:2      | Noticed Ijyb
  1216 | D:2      | Killed Ijyb
  1216 | D:2      | Reached skill level 1 in Evocations
  1216 | D:2      | Reached XP level 4. HP: 18/39 MP: 3/5
  1394 | D:2      | Found a basalt altar of Yredelemnul.
  1505 | D:3      | Found a white marble altar of Elyvilon.
  1802 | D:3      | Reached skill level 1 in Armour
  2383 | D:4      | Reached XP level 5. HP: 28/45 MP: 5/7
  2396 | D:4      | Noticed a deep elf mage
  2396 | D:4      | Noticed an ogre
  2442 | D:4      | Found a staircase to the Ecumenical Temple.
  2575 | D:4      | Noticed an ice beast
  2580 | D:4      | Killed an ice beast
  2580 | D:4      | Reached XP level 6. HP: 25/52 MP: 7/9
  2791 | D:5      | Entered Level 5 of the Dungeon
  3151 | D:5      | Reached skill level 5 in Evocations
  3190 | Temple   | Entered the Ecumenical Temple
  3224 | Temple   | Became a worshipper of Makhleb the Destroyer
  3345 | D:5      | Reached skill level 5 in Armour
  3345 | D:5      | Reached XP level 7. HP: 30/58 MP: 11/11
  3597 | D:5      | Reached skill level 6 in Evocations
  3758 | D:6      | Found a glowing drain.
  3806 | Sewer    | Entered a sewer
  3865 | Sewer    | Reached * piety under Makhleb
  4374 | D:6      | Reached skill level 1 in Invocations
  4407 | D:6      | Noticed Sigmund
  4435 | D:6      | Killed Sigmund
  4435 | D:6      | Reached skill level 7 in Evocations
  4462 | D:6      | Found a stormy altar of Qazlal.
  4465 | D:6      | Found a sacrificial altar of Ru.
  4465 | D:6      | Found a snail-covered altar of Cheibriados.
  4467 | D:6      | Noticed gw's ghost (novice DDFi)
  4484 | D:6      | Killed gw's ghost
  4484 | D:6      | Reached ** piety under Makhleb
  4484 | D:6      | Reached skill level 5 in Invocations
  4484 | D:6      | Reached skill level 8 in Evocations
  4484 | D:6      | Reached XP level 8. HP: 35/66 MP: 12/14
  4490 | D:6      | Found an opulent altar of Gozag.
  4658 | D:6      | Found a shimmering altar of Xom.
  5041 | D:6      | Found a blossoming altar of Fedhas.
  5267 | D:6      | Noticed Crazy Yiuf
  5272 | D:6      | Killed Crazy Yiuf
  5437 | D:7      | Reached skill level 9 in Evocations
  5459 | D:7      | Gained mutation: You passively map the area around you. [Deep Dwarf growth]
  5459 | D:7      | Reached XP level 9. HP: 55/73 MP: 15/15
  5793 | D:7      | Reached skill level 1 in Long Blades
  5974 | D:8      | Found a shattered altar of Ashenzari.
  6048 | D:8      | Found a deep blue altar of Sif Muna.
  6069 | D:8      | Noticed Joseph
  6085 | D:8      | HP: 1/73 [Joseph/wand of cold (3)]
  6094 | D:8      | HP: 3/73 [Joseph/sling bullet (10)]
  6096 | D:8      | Killed Joseph
  6096 | D:8      | Reached *** piety under Makhleb
  6096 | D:8      | Reached skill level 10 in Evocations
  6162 | D:8      | Noticed Erica
  6178 | D:8      | Killed from afar by Erica

Action                   |  1- 3 |  4- 6 |  7- 9 || total
-------------------------+-------+-------+-------++-------
Melee: Dagger            |   112 |    11 |    24 ||   147
       Morningstar       |    11 |   115 |       ||   126
       Falchion          |       |   125 |   352 ||   477
 Fire: Blowgun           |       |       |     6 ||     6
 Abil: Device Recharging |       |       |     2 ||     2
Evoke: Wand              |     1 |     4 |    10 ||    15
  Use: Scroll            |       |     4 |    11 ||    15
       Potion            |       |       |     5 ||     5
 Stab: Sleeping          |     9 |     4 |       ||    13
  Eat: Chunk             |       |     8 |    10 ||    18
       Beef jerky        |       |       |     2 ||     2
